 Dungeon Crawl Stone Soup version 0.29.1-15-g9cfb28693d (webtiles) character file.

Game seed: 11673722666836736845

53919 croobank the Spry (level 14, -2/70 HPs)
             Began as a Felid Summoner on Feb 22, 2023.
             Was an Initiate of Gozag.
             Slain by a shadow wraith (15 damage)
             ... on level 2 of the Abyss on Feb 23, 2023.
             The game lasted 02:50:11 (35080 turns).

croobank the Spry (Felid Summoner)                 Turns: 35080, Time: 02:50:12

Health: -2/70      AC:  3    Str:  4    XL:     14   Next: 32%
Magic:  9/29       EV: 34    Int: 20    God:    Gozag
Gold:   3825       SH:  0    Dex: 18    Spells: 11/34 levels left
                                        Lives:  0   Deaths: 4

rFire   . . .      SeeInvis +   (weapon unavailable)
rCold   + . .      Faith    .   (shield unavailable)
rNeg    . . .      Spirit   .   (body armour unavailable)
rPois   .          Reflect  .   (helmet unavailable)
rElec   .          Harm     .   (cloak unavailable)
rCorr   .          Rampage  .   (gloves unavailable)
Will    ++...                   (boots unavailable)
Stlth   +++.......              O - amulet of regeneration
HPRegen 1.01/turn               v - ring of wizardry
MPRegen 0.21/turn               m - +4 ring of evasion

@: lethally poisoned (-2 -> -2), slowed, slow
A: very small, claws 1, fangs 3, see invisible, speed 1, shaggy fur 3, stealthy
paws, no weapons or thrown items, no armour, multi-lived
a: Renounce Religion, Potion Petition, Call Merchant, Bribe Branch


You were on level 2 of the Abyss.
You worshipped Gozag.
Gozag was most pleased with you.
You visited 4 branches of the dungeon, and saw 22 of its levels.
You visited the Abyss 1 time.
You also visited: Gauntlet.

You collected 5164 gold pieces.
You spent 969 gold pieces at shops.
You paid 370 gold pieces to Gozag.

Inventory:

Jewellery
 j - a ring of flight
 l - a +6 ring of strength
 m - a +4 ring of evasion (right paw)
 t - a +6 ring of dexterity
 v - a ring of wizardry (left paw)
 G - a +4 ring of protection
 H - a ring of ice
 J - a ring of wizardry
 N - the ring "Wuliyc" {+Blink rN+}
   (You found it in a Gauntlet)

   [ring of positive energy]

   rN:        It protects you from negative energy.
   +Blink:    It lets you blink.
 O - an amulet of regeneration (around neck)
 R - a ring of resist corrosion
 S - an amulet of reflection
Wands
 f - a wand of roots (13)
 k - a wand of charming (33)
 r - a wand of polymorph (13)
 s - a wand of quicksilver (8)
 x - a wand of flame (33)
 I - a wand of mindburst (14)
Scrolls
 e - 17 scrolls of identify
 h - 3 scrolls of butterflies
 i - 2 scrolls of magic mapping
 n - a scroll of amnesia
 p - 7 scrolls of teleportation
 u - 2 scrolls of blinking
 w - 4 scrolls of immolation
 y - 5 scrolls of vulnerability
 D - a scroll of silence
Potions
 a - a potion of magic
 b - 4 potions of flight
 c - 3 potions of brilliance
 g - 4 potions of haste
 o - a potion of mutation
 q - 3 potions of heal wounds
 z - 2 potions of might
 A - a potion of cancellation
 B - a potion of lignification
 C - 4 potions of attraction
 E - 2 potions of berserk rage
 F - a potion of ambrosia
 K - 3 potions of curing
Miscellaneous
 L - a box of beasts
 P - a lightning rod (4/4)
 Q - a phantom mirror


   Skills:
 + Level 13.2 Fighting
 + Level 17.0 Dodging
 - Level 4.4 Stealth
 + Level 10.7 Spellcasting
 - Level 6.5 Conjurations
 - Level 5.0 Hexes
 + Level 10.9 Summonings
 - Level 7.1 Translocations
 + Level 4.4 Transmutations
 - Level 7.0 Air Magic


You had 11 spell levels left.
You knew the following spells:

 Your Spells              Type           Power      Damage    Failure   Level
a - Summon Small Mammal   Summ           100%       N/A       1%          1
b - Call Imp              Summ           53%        N/A       1%          2
c - Call Canine Familiar  Summ           53%        N/A       1%          3
d - Summon Guardian Gole  Hex/Summ       42%        N/A       1%          3
e - Summon Lightning Spi  Summ/Air       46%        N/A       1%          4
f - Iskenderun's Mystic   Conj/Tloc      38%        2d9       1%          4
g - Ensorcelled Hibernat  Hex/Ice        40%        N/A       1%          2
h - Poisonous Vapours     Pois/Air       48%        N/A       1%          2
i - Blink                 Tloc           78%        N/A       1%          2

Your spell library contained the following spells:

 Spells                   Type           Power      Damage    Failure   Level
 Magic Dart               Conj           100%       1d8       1%          1
 Sting                    Tmut/Pois      76%        1d6       1%          1
 Passwall                 Tmut/Erth      15%        N/A       1%          2
 Searing Ray              Conj           72%        2d7       1%          2
 Confusing Touch          Hex            30%        N/A       1%          3
 Dazzling Flash           Conj/Hex       66%        N/A       1%          3
 Stone Arrow              Conj/Erth      46%        3d9       1%          3
 Sandblast                Erth           20%        2d7       2%          1
 Fulminant Prism          Conj/Hex       16%        3d11      2%          4
 Spider Form              Tmut/Pois      19%        N/A       3%          3
 Ignite Poison            Fire/Tmut/Pois 16%        N/A       4%          3
 Iskenderun's Battlesphe  Conj           36%        2d9       4%          5
 Manifold Assault         Tloc           39%        N/A       4%          5
 Flame Wave               Conj/Fire      23%        2d8       7%          4
 Anguish                  Hex/Necr       10%        N/A       9%          4
 Yara's Violent Unravell  Hex/Tmut       14%        3d7       11%         5
 Olgreb's Toxic Radiance  Pois           10%        N/A       26%         4
 Spellforged Servitor     Conj/Summ      22%        N/A       50%         7
 Borgnjor's Vile Clutch   Necr/Erth      5%         N/A       54%         5
 Iron Shot                Conj/Erth      11%        9d3       67%         6
 Starburst                Conj/Fire      11%        6d5       67%         6
 Storm Form               Tmut/Air       16%        N/A       88%         7
 Enfeeble                 Hex            15%        N/A       93%         7
 Death Channel            Necr           5%         N/A       98%         6
 Animate Dead             Necr           Unusable   N/A       N/A         4

Dungeon Overview and Level Annotations

Branches:
Dungeon (14/15)            Temple (1/1) D:6            Lair (5/5) D:10
  Swamp (0/4) Lair:3        Snake (0/4) Lair:2        Slime (0/5) Lair:4
    Orc (2/2) D:9             Elf (0/3) Orc:2       Gauntlet (visited)
 Vaults: D:13-14

Altars:
Ashenzari
Cheibriados
Dithmenos
Elyvilon
Gozag
Hepliaklqana
Makhleb
Nemelex Xobeh
Okawaru
Qazlal
Ru
Sif Muna
Trog
Uskayaw
Vehumet
Wu Jian
Xom
Zin
The Shining One
Jiyva

Shops:
D:1 ?   D:6 *   D:11 [   D:14 *(   Orc:2 *[=(


Innate Abilities, Weirdness & Mutations

You have sharp claws.
You have razor-sharp teeth.
You have supernaturally acute eyesight. (SInv)
You cover ground quickly. (Speed+)
Your thick and shaggy fur keeps you warm. (AC +3, rC+)
Your paws help you pounce on unaware monsters.
You are incapable of wielding weapons or throwing items.
You cannot wear armour.
You gain extra lives every three experience levels.


Message History

Flame seeps out of your guardian golem.
A kobold brigand opens the large door.
A kobold brigand comes into view.
It is wielding a +0 short sword and quivering poisoned darts.
A will-o-the-wisp comes into view.
A kobold brigand comes into view.
It is wielding a +0 short sword and quivering poisoned darts.
You hear an explosion!
The spriggan defender zombie misses you.
You hear a deafening roar!
The spriggan defender zombie barely misses you.
The kobold brigand throws a poisoned dart.
The poisoned dart completely misses you.
The kobold brigand throws a curare-tipped dart.
The curare-tipped dart hits you.
You are poisoned.
You have difficulty breathing.
* * * LOW HITPOINT WARNING * * *
You feel yourself slow down.
Your lightning spire shoots out a bolt of lightning at the bone dragon!
The bolt of electricity hits the bone dragon.
The bone dragon resists.
The bolt of electricity hits the spriggan defender zombie! x2
You feel very sick.
The kobold brigand throws a curare-tipped dart.
The curare-tipped dart completely misses you.
Your lightning spire shoots out a bolt of lightning at the bone dragon!
The bolt of electricity hits the bone dragon.
The bone dragon completely resists.
The bolt of electricity hits the spriggan defender zombie!
The spriggan defender zombie misses you.
Blink to where?
Press: ? - help, Dir - move target, p - bone dragon A shadow wraith comes into view.
As you read the scroll of blinking, it crumbles to dust.
You feel very sick.
You scratch the shadow wraith but do no damage.
You bite the shadow wraith.
The shadow wraith is lightly damaged.
You feel sick. The shadow wraith misses you.
You feel sick. The shadow wraith hits you!
You die...
Your body crumbles into a pile of gold.

##..#. #.## . #..
.## #...#..
#..##.## #.##..#
#....##.#....##
###.D...#..## ##.
#..Z.Z...#..#....#
##.###.D.#..## ....
#....#...#.....# .
#W@.#..#..8...#....
#.#.###.ยง........
....#.#..#'K#.#..##
#.##. .####..###
..# ... .# ## .K#
##.# ### #.


.vK #.. .# .K #.# #. # You could see a shadow wraith (invisible).

Vanquished Creatures
  An orc knight (Orc:2)
  An elephant (Lair:5)
  A polar bear (Lair:4)
  A yak (Lair:2)
  2 vampire mosquitoes
  A sky beast (D:6)
  A centaur (D:7)
  A killer bee (D:11)
  2 electric eels (D:9)
  An orc priest (D:3)
  An orc wizard (D:8)
  2 adders
  A river rat (D:10)
  A dart slug (D:2)
  5 orcs
  3 ball pythons
  4 endoplasms
  3 hobgoblins
  4 jackals (D:1)
  A kobold (D:3)
  A quokka (D:1)
  A bat (D:2)
  A frilled lizard (D:3)
  2 rats (D:2)
42 creatures vanquished.

Vanquished Creatures (collateral kills)
  Rupert (D:14)
  Harold (D:9)
  Fannar (Lair:3)
  2 boulder beetles
  2 hydras (D:13)
  A two-headed ogre (D:10)
  4 catoblepae (Lair:5)
  4 death yaks
  Urug (Orc:2)
  Amaemon (Lair:1)
  Nergalle (D:9)
  Sonja (Lair:1)
  A wizard (D:14)
  An orc knight (Orc:2)
  2 orc sorcerers (Orc:2)
  3 ugly things
  An oklob plant (Lair:4)
  2 cyclopes
  A manticore (Lair:5)
  4 elephants (Lair:5)
  2 black mambas
  A torpor snail (Lair:1)
  7 cane toads
  An unseen horror (D:13)
  4 rime drakes (Lair:3)
  4 komodo dragons
  2 tengu conjurers (D:13)
  A troll (D:11)
  A polar bear (Lair:4)
  6 dream sheep (Lair:3)
  2 centaur simulacra (Gauntlet)
  A wraith (D:11)
  9 wyverns
  A vampire (D:12)
  5 basilisks
  11 humans (D:14)
  28 yaks
  2 steam dragons
  7 vampire mosquitoes
  2 acid dragons
  16 water moccasins
  A floating eye (Orc:2)
  15 orc warriors
  2 ice beasts
  A wolf (Lair:5)
  3 ogres
  2 centaurs
  2 kobold brigands
  2 gnoll sergeants (D:9)
  4 scorpions
  6 bullfrogs
  4 killer bees
  7 howler monkeys
  A quasit (Abyss:2)
  10 orc priests
  A wyvern simulacrum (Gauntlet)
  A gnoll bouda (D:4)
  4 hounds
  2 jellies
  15 orc wizards
  10 hell rats
  A nameless horror (D:3)
  13 gnolls
  8 adders
  2 shadow imps
  5 white imps
  2 ufetubi
  2 worms (D:4)
  3 dart slugs
  39 orcs
  9 ball pythons
  3 bats
  3 endoplasms (D:4)
  A giant cockroach (D:2)
  6 hobgoblins
  12 jackals
  16 kobolds
  6 quokkas
  7 goblins
  3 rats
  A butterfly (D:6)
383 creatures vanquished.

Vanquished Creatures (others)
  An orc warlord (Orc:2)
  Snorg (Lair:3)
  A catoblepas (Lair:5)
  3 hydras
  A two-headed ogre (D:11)
  A centaur warrior (D:13)
  A tengu warrior (D:11)
  An orc high priest (Orc:2)
  7 death yaks
  An orc knight (D:9)
  4 cyclopes
  2 manticores
  4 ugly things (D:14)
  A black mamba (Lair:5)
  5 elephants (Lair:5)
  3 cane toads
  An orange demon (Lair:1)
  2 rime drakes
  2 komodo dragons
  3 trolls
  A wyvern (D:10)
  19 yaks
  9 vampire mosquitoes
  A basilisk (Lair:3)
  An acid dragon (D:9)
  2 water moccasins
  5 orc warriors
  A sky beast (D:8)
  2 ice beasts
  An ogre (Orc:2)
  A centaur (D:7)
  2 wolves (Lair:5)
  A kobold brigand (D:8)
  A bullfrog (Lair:3)
  4 killer bees
  A gnoll bouda (D:5)
  An orc priest (Orc:2)
  A jelly (D:6)
  An iguana (D:5)
  2 orc wizards
  4 hell rats (Lair:4)
  A gnoll (D:5)
  3 orcs
  A kobold (D:8)
  A bush (Lair:5)
  34 fungi
  145 plants
291 creatures vanquished.

Grand Total: 716 creatures vanquished

Notes
Turn   | Place    | Note
-------+----------+-------------------------------------------
     0 | D:1      | croobank the Felid Summoner began the quest for the Orb.
     0 | D:1      | Reached XP level 1. HP: 7/7 MP: 4/4
    80 | D:1      | Reached skill level 3 in Dodging
    80 | D:1      | Reached XP level 2. HP: 11/11 MP: 3/6
   206 | D:1      | Learned a level 2 spell: Call Imp
   363 | D:1      | Found Kack's Magic Scroll Emporium.
   392 | D:1      | Bought a scroll of identify for 22 gold pieces
   577 | D:1      | Found a faded altar of an unknown god.
   813 | D:1      | Reached XP level 3. HP: 14/14 MP: 2/7
   915 | D:1      | Bought 2 scrolls of identify for 44 gold pieces
  1022 | D:1      | Learned a level 3 spell: Call Canine Familiar
  1808 | D:2      | Reached XP level 4. HP: 15/18 MP: 8/8
  3430 | D:3      | Reached skill level 4 in Dodging
  3467 | D:3      | Reached XP level 5. HP: 21/21 MP: 10/10
  3471 | D:3      | Learned a level 3 spell: Summon Guardian Golem
  4342 | D:4      | HP: 1/21 [gnoll/+0 spear[a gnoll bouda] (6)]
  4531 | D:4      | Reached skill level 1 in Fighting
  4531 | D:4      | Reached skill level 1 in Hexes
  4777 | D:4      | Found a glowing golden altar of the Shining One.
  4858 | D:4      | Gained mutation: You are covered in thick fur. (AC +2)
                  | [Felid growth]
  4858 | D:4      | Reached XP level 6. HP: 26/26 MP: 5/11
  5487 | D:4      | Reached skill level 5 in Summonings
  5696 | D:4      | Found a burning altar of Makhleb.
  5696 | D:4      | Noticed a blizzard demon
  5700 | D:4      | Noticed a hellwing
  5700 | D:4      | Noticed a ynoxinul
  5986 | D:5      | Entered Level 5 of the Dungeon
  6154 | D:5      | Reached skill level 5 in Dodging
  6154 | D:5      | Reached XP level 7. HP: 31/31 MP: 2/13
  6340 | D:5      | Learned a level 4 spell: Summon Lightning Spire
  6357 | D:5      | Found an ornate altar of the Wu Jian Council.
  6462 | D:5      | Found a stormy altar of Qazlal.
  7139 | D:6      | Reached skill level 1 in Air Magic
  7147 | D:6      | Found a staircase to the Ecumenical Temple.
  7836 | D:6      | Noticed a troll
  7845 | D:6      | Killed a troll
  7846 | D:6      | Reached XP level 8. HP: 36/36 MP: 4/15
  8066 | D:6      | Reached skill level 6 in Dodging
  8277 | D:6      | Reached skill level 5 in Hexes
  8408 | D:6      | Found Geekodayd's CLEARANCE SALE!.
  8414 | D:6      | Bought a scroll of identify for 10 gold pieces
  8414 | D:6      | Bought a book of Conjurations for 100 gold pieces
  8414 | D:6      | Bought a +6 ring of dexterity for 180 gold pieces
  8856 | D:7      | Found a shimmering blue altar of Sif Muna.
  8951 | Temple   | Entered the Ecumenical Temple
  9325 | D:7      | HP: 1/36 [acid dragon/splash of acid (28)]
  9335 | D:7      | Slain by a scorpion
  9336 | D:7      | Reached XP level 7. HP: -5/33 MP: 5/15
  9467 | D:7      | Reached skill level 7 in Dodging
  9527 | D:7      | Found an iron altar of Okawaru.
  9637 | D:7      | Reached XP level 8. HP: 30/36 MP: 16/16
  9795 | D:7      | Reached skill level 5 in Fighting
  9796 | D:7      | Reached skill level 5 in Spellcasting
 10404 | D:8      | Found a glowing silver altar of Zin.
 12156 | D:1      | Bought a scroll of immolation for 44 gold pieces
 12156 | D:1      | Bought a scroll of fear for 44 gold pieces
 12320 | D:9      | Reached XP level 9. HP: 11/40 MP: 11/18
 12582 | D:9      | Found a broken altar of Ashenzari.
 12628 | D:9      | Reached skill level 8 in Dodging
 12710 | D:9      | Found a sparkling altar of Nemelex Xobeh.
 12762 | D:9      | Found a shadowy altar of Dithmenos.
 13189 | D:8      | Reached XP level 10. HP: 45/45 MP: 18/22
 13216 | D:8      | Learned a level 4 spell: Iskenderun's Mystic Blast
 13219 | D:8      | Learned a level 2 spell: Ensorcelled Hibernation
 13313 | D:9      | Killed from afar by an acid dragon
 13314 | D:9      | Reached XP level 9. HP: -16/41 MP: 13/21
 13777 | D:9      | Slain by a wyvern
 13778 | D:9      | Reached XP level 8. HP: -3/38 MP: 9/20
 14434 | D:9      | Found a white marble altar of Elyvilon.
 14451 | D:9      | Found a snail-covered altar of Cheibriados.
 14652 | D:9      | Found a staircase to the Orcish Mines.
 14653 | D:9      | Noticed Harold
 14682 | D:9      | Killed Harold
 14683 | D:9      | Reached XP level 9. HP: 42/42 MP: 13/21
 15068 | D:10     | Entered Level 10 of the Dungeon
 15068 | D:10     | Noticed a two-headed ogre
 15187 | D:10     | Killed a two-headed ogre
 15188 | D:10     | Reached skill level 9 in Dodging
 15474 | D:10     | Noticed a death yak
 15475 | D:10     | Found a staircase to the Lair.
 15481 | D:10     | Noticed a death yak
 15481 | D:10     | Noticed a death yak
 15486 | D:10     | Killed a death yak
 15487 | D:10     | Reached skill level 5 in Air Magic
 15487 | D:10     | Reached XP level 10. HP: 46/46 MP: 15/23
 15493 | D:10     | Killed a death yak
 15498 | D:10     | Killed a death yak
 16477 | D:11     | Noticed a four-headed hydra
 16489 | D:11     | Killed a four-headed hydra
 16490 | D:11     | Reached skill level 10 in Dodging
 16510 | D:11     | Reached XP level 11. HP: 50/50 MP: 10/24
 16716 | D:11     | Noticed a two-headed ogre
 16738 | D:11     | Killed a two-headed ogre
 16905 | D:11     | Found Ezuguh's Armour Boutique.
 17022 | D:11     | Noticed a tengu warrior
 17041 | D:11     | Killed a tengu warrior
 17771 | D:11     | Found a hide-covered altar of Uskayaw.
 18307 | D:12     | Noticed a green ugly thing
 18322 | D:12     | Killed a green ugly thing
 18618 | D:12     | Found a shadowy altar of Dithmenos.
 18698 | D:12     | Noticed a boulder beetle
 18707 | D:12     | Killed a boulder beetle
 18863 | D:13     | Noticed a centaur warrior
 19200 | Lair:1   | Entered Level 1 of the Lair of Beasts
 19271 | Lair:1   | Reached skill level 11 in Dodging
 19780 | Temple   | Became a worshipper of Gozag Ym Sagoz the Greedy
 20306 | Lair:1   | Noticed Sonja
 20327 | Lair:1   | Killed Sonja
 20328 | Lair:1   | Gained mutation: Your thick and shaggy fur keeps you warm.
                  | (AC +3, rC+) [Felid growth]
 20328 | Lair:1   | Reached XP level 12. HP: 56/56 MP: 16/26
 20398 | Lair:1   | Noticed Amaemon
 20417 | Lair:1   | Killed Amaemon
 21027 | Lair:2   | Found a staircase to the Snake Pit.
 21431 | Lair:2   | Reached skill level 10 in Summonings
 21435 | Lair:2   | Reached skill level 12 in Dodging
 21552 | Lair:2   | Got Vuttis's Guide on the Coals
 22358 | Lair:3   | Noticed Snorg
 22369 | Lair:3   | Killed Snorg
 22571 | Lair:3   | Reached skill level 10 in Spellcasting
 22673 | Lair:3   | Found a staircase to the Swamp.
 22761 | Lair:3   | Noticed Fannar
 22775 | Lair:3   | Killed Fannar
 23023 | Lair:3   | Reached skill level 13 in Dodging
 23092 | Lair:3   | Reached skill level 10 in Fighting
 23515 | Lair:3   | Learned a level 2 spell: Poisonous Vapours
 23660 | Lair:3   | Reached XP level 13. HP: 61/61 MP: 18/28
 24458 | Lair:4   | Found a staircase to the Slime Pits.
 24458 | Lair:4   | Found a viscous altar of Jiyva.
 24647 | Lair:5   | Entered Level 5 of the Lair of Beasts
 24847 | Lair:5   | HP: 3/62 [manticore (10)]
 24847 | Lair:5   | Demolished by a death yak
 24848 | Lair:5   | Reached XP level 12. HP: -21/58 MP: 5/27
 24969 | Lair:5   | Noticed a catoblepas
 25214 | Lair:4   | Reached skill level 14 in Dodging
 26174 | Lair:5   | Killed a catoblepas
 26815 | Lair:5   | Reached skill level 15 in Dodging
 26995 | Lair:5   | Killed a death yak
 27114 | Lair:5   | Killed a catoblepas
 27518 | Lair:5   | Noticed a death yak
 27525 | Lair:5   | Noticed a catoblepas
 27530 | Lair:5   | Killed a death yak
 27531 | Lair:5   | Reached XP level 13. HP: 52/64 MP: 13/28
 28182 | Lair:5   | Reached skill level 16 in Dodging
 29067 | Orc:1    | Entered Level 1 of the Orcish Mines
 29067 | Orc:1    | Noticed Nergalle
 29082 | D:9      | Killed Nergalle
 29214 | D:9      | Learned a level 2 spell: Blink
 29571 | Orc:2    | Entered Level 2 of the Orcish Mines
 29579 | Orc:2    | Found a gate leading to a gauntlet.
 29622 | Gauntlet | Entered a Gauntlet
 29622 | Gauntlet | Found a transporter.
 29622 | Gauntlet | Found a transporter.
 29647 | Gauntlet | Found a transporter.
 29647 | Gauntlet | Found a transporter.
 29650 | Gauntlet | Found a transporter.
 29650 | Gauntlet | Found a transporter.
 29664 | Gauntlet | Found a transporter.
 29665 | Gauntlet | Found a transporter.
 29674 | Gauntlet | Found a transporter.
 29774 | Gauntlet | Found a transporter.
 29778 | Gauntlet | Found a transporter.
 29792 | Gauntlet | Found a transporter.
 29947 | Gauntlet | Noticed a broodmother
 29947 | Gauntlet | a swamp dragon changed into a broodmother
 29948 | Gauntlet | a broodmother changed into a radroach
 29986 | Gauntlet | Noticed a quicksilver ooze
 29988 | Gauntlet | Noticed an entropy weaver
 29988 | Gauntlet | a quicksilver ooze changed into an entropy weaver
 29992 | Gauntlet | an entropy weaver changed into a catoblepas
 29993 | Gauntlet | Noticed a ghost moth
 29993 | Gauntlet | a catoblepas changed into a ghost moth
 29994 | Gauntlet | Noticed a storm dragon
 29994 | Gauntlet | a ghost moth changed into a storm dragon
 29997 | Gauntlet | Noticed a quicksilver ooze
 29997 | Gauntlet | a storm dragon changed into a quicksilver ooze
 30048 | Gauntlet | Reached skill level 1 in Transmutations
 30086 | Gauntlet | Noticed a broodmother
 30086 | Gauntlet | Noticed a quicksilver ooze
 30086 | Gauntlet | a broodmother changed into a quicksilver ooze
 30089 | Gauntlet | a quicksilver ooze changed into a jorogumo
 30107 | Gauntlet | Noticed an ettin
 30107 | Gauntlet | a great orb of eyes changed into an ettin
 30114 | Gauntlet | Noticed a bunyip
 30114 | Gauntlet | an ettin changed into a bunyip
 30129 | Gauntlet | Noticed a ghost moth
 30129 | Gauntlet | a radroach changed into a ghost moth
 30134 | Gauntlet | Noticed a minotaur
 30134 | Gauntlet | a ghost moth changed into a minotaur
 30135 | Gauntlet | Identified the +7 mace of Truncation {freeze, rC++}
 30135 | Gauntlet | Identified the ring of Salot {Fly rCorr EV+4 Dex+4}
 30135 | Gauntlet | Noticed a minotaur
 30142 | Gauntlet | a minotaur changed into a tyrant leech
 30174 | Gauntlet | Identified the ring "Wuliyc" {+Blink rN+}
 30336 | Orc:2    | Noticed Nessos
 30337 | Orc:2    | Noticed Nessos
 30337 | Orc:2    | Nessos changed into Nessos the floating eye
 30340 | Orc:2    | Killed Nessos the floating eye
 30375 | Orc:2    | Found a staircase to the Elven Halls.
 31062 | Orc:2    | Noticed an orc warlord
 31090 | Orc:2    | Killed an orc warlord
 31250 | Orc:2    | Noticed Urug
 31283 | Orc:2    | Killed Urug
 31716 | Orc:2    | Found Ogolloen's General Store.
 31737 | Orc:2    | Bought a potion of heal wounds for 75 gold pieces
 31756 | Orc:2    | Found Irchyss's Jewellery Emporium.
 31763 | Orc:2    | Bought an amulet of regeneration for 450 gold pieces
 31777 | Orc:2    | Found Deqoj's Antique Weapon Emporium.
 31852 | Orc:2    | Found Wiaqidu's Antique Armour Emporium.
 32744 | D:13     | Reached XP level 14. HP: 55/69 MP: 21/29
 33700 | D:14     | Found Vithrenlu's General Store.
 34183 | D:14     | Noticed Rupert
 34201 | D:14     | Killed Rupert
 34202 | D:14     | Reached skill level 17 in Dodging
 34278 | D:14     | Found Ogeadol's Weapon Boutique.
 34445 | D:14     | Identified the +6 long sword "Messuume" {freeze, rF+ rN+
                  | Str+2 Dex-3}
 34773 | Abyss:2  | Cast into level 2 of the Abyss (a wizard)
 34931 | Abyss:2  | Found an opulent altar of Gozag.
 34983 | Abyss:2  | Noticed a white very ugly thing
 35033 | Abyss:2  | Noticed a bone dragon
 35080 | Abyss:2  | Slain by a shadow wraith

Illustrated notes

Levels and vault maps discovered:
D:1:      dpeg_arrival_rhombus, layout_rooms, chequers_ecumenical_altar_simple,
          serial_shops, shop, chequers_serial_rivers_room_a,
          kennysheep_crisscross, hangedman_glass_teeth, minmay_split_cup_large
D:2:      layout_basic
D:3:      layout_basic, portal_sewer_entry_e
D:4:      layout_loops_cross, mainiacjoe_overflow_concentric_impassable,
          makhleb_altar_promises_db
D:5:      layout_rooms, nicolae_wu_jian_wuxing_cycle,
          nicolae_qazlal_scattered_showers
D:6:      layout_rooms, minmay_temple_entry_butterflies, fountainhead,
          nicolae_shop_clearance
D:7:      hellmonk_ruined_rings, layout_basic, nicolae_overflow_crystal_walls,
          okawaru_altar_gauntlet_db, minmay_chambers_of_fives
D:8:      layout_cave_pods, zin_academy
D:9:      layout_roguey, lemuel_doored_altar, elyvilon_altar_5,
          marbit_many_paths, mainiacjoe_overflow_catch_the_wave, orc_0_dummy,
          water_boxes_lemuel, uniq_harold
D:10:     layout_basic, dpeg_lair_monsters
D:11:     layout_irregular_city, serial_shops, kennysheep_mini,
          nicolae_uskayaw_suspiria
D:12:     layout_basic, nicolae_dithmenos_shadow_blocks
D:13:     layout_irregular_city
D:14:     layout_basic, grunt_vaults_entry_tiered, serial_shops,
          nicolae_inconvenience_store, nicolae_shop_stone,
          nicolae_shop_temple_entry_statues_fountains, kennysheep_mini_moat,
          nicolae_concentric_dashed_squares_mild, serial_curves, eino_curves_03,
          eino_curves_03, uniq_rupert, uniq_louise
Temple:   nicolae_temple_two_arcs
Lair:1:   layout_hall_layers, chequers_serial_rivers_micro_b, uniq_amaemon,
          uniq_sonja
Lair:2:   layout_cave_pods, minmay_snake_entry_six_corridors
Lair:3:   layout_hall_layers, swamp_mist, special_room
          [special_room_mythical_zoo], minmay_stone_trees_medium,
          infiniplex_staircase_pool_2, lemuel_fruit_fields, uniq_snorg,
          uniq_fannar
Lair:4:   layout_hall_layers, minmay_slime_entry_oklob_open
Lair:5:   evilmike_catoblepas_cave, layout_small_grid
Orc:1:    layout_caves, uniq_nergalle
Orc:2:    grunt_orc_cross, layout_caves, gauntlet_entry_generic, uniq_nessos
Abyss:2:  base: Lair:5, hangedman_cross_veins, lemuel_flamethrower_3,
          evilmike_abyss_exit_mutagenic, hangedman_relentless_pull,
          due_exit_kobolds

Skill      XL: |  1  2  3  4  5  6  7  8  9 10 11 12 13 14 |
---------------+-------------------------------------------+-----
Stealth        | 3 4 |  4.4
Dodging        | 3 4 5 7 6 9 10 11 15 16 17 | 17.0
Spellcasting   | 3 4 5 8 9 10 | 10.7
Fighting       | 1 3 4 5 7 8 11 12 13 | 13.2
Hexes          | 1 2 4 5 |  5.0
Summonings     | 5 7 8 9 10 | 10.9
Air Magic      | 3 2 5 6 7 |  7.0
Conjurations   | 6 |  6.5
Translocations | 7 |  7.1
Transmutations | 3 4 |  4.4

Action                   |  1- 3 |  4- 6 |  7- 9 | 10-12 | 13-15 || total
-------------------------+-------+-------+-------+-------+-------++-------
Melee: Unarmed           |    53 |    55 |    36 |    41 |    41 ||   226
       Bite              |     5 |     8 |     5 |     6 |    12 ||    36
       Punch             |       |       |     1 |       |     1 ||     2
 Cast: Summon Small Mamm |    34 |    28 |    38 |    30 |     8 ||   138
       Call Imp          |     8 |    14 |    14 |    16 |     5 ||    57
       Call Canine Famil |     6 |    33 |    42 |    59 |    38 ||   178
       Summon Guardian G |       |     5 |    31 |    86 |    88 ||   210
       Summon Lightning  |       |       |    46 |    96 |    83 ||   225
       Ensorcelled Hiber |       |       |     3 |    11 |     4 ||    18
       Poisonous Vapours |       |       |       |    11 |    26 ||    37
Evoke: Wand              |       |     1 |     3 |     5 |     1 ||    10
  Use: Scroll            |     3 |    11 |     7 |     8 |    10 ||    39
       Potion            |       |     4 |     2 |     1 |     3 ||    10
 Stab: Sleeping          |     3 |     5 |     2 |     2 |       ||    12
       Distracted        |       |       |     2 |     3 |       ||     5
       Betrayed ally     |       |       |     1 |       |       ||     1
Armor: Skin              |     1 |     7 |     5 |     6 |     7 ||    26
Dodge: Dodged            |    54 |    49 |    99 |   162 |   204 ||   568
